 Dungeon Crawl Stone Soup version 0.29.1-13-g9f3cf754e1 (webtiles) character file.

Game seed: 14354547473181326112

206883 sanboga the Axe Maniac (level 18, -3/178 HPs)
             Began as a Minotaur Berserker on Jan 29, 2023.
             Was the Champion of Trog.
             Succumbed to barbed spike wounds
             ... on level 2 of the Shoals.
             The game lasted 00:39:32 (26591 turns).

sanboga the Axe Maniac (Minotaur Berserker)        Turns: 26591, Time: 00:39:33

Health: -3/178     AC: 33    Str: 29    XL:     18   Next: 8%
Magic:  17/17      EV:  8    Int:  4    God:    Trog [******]
Gold:   957        SH:  5    Dex: 11    Spells: 17/17 levels left

rFire   + + +      SeeInvis .   a - +9 executioner's axe (chaos)
rCold   + + +      Faith    .   (shield currently unavailable)
rNeg    + . .      Spirit   .   y - +5 gold dragon scales
rPois   +          Reflect  +   D - +1 hat {Will+}
rElec   .          Harm     .   l - -1 cloak of the Harvest Moon {rF+ rN+ Regen+}
rCorr   +          Rampage  .   q - +0 pair of gloves
Will    +++..                   n - +0 pair of boots
Stlth   ..........              o - amulet of reflection
HPRegen 1.19/turn               G - +4 ring of slaying
MPRegen 0.15/turn               u - ring of Moj Gat {rF+ rC++ Will+ rCorr}

@: spiked
A: horns 2, retaliatory headbutt
}: 1/15 runes: gossamer
a: Renounce Religion, Berserk, Trog's Hand, Brothers in Arms


You were on level 2 of the Shoals.
You worshipped Trog.
Trog was exalted by your worship.
You visited 5 branches of the dungeon, and saw 28 of its levels.
You also visited: Gauntlet, Ice Cave and Volcano.

You collected 3152 gold pieces.
You spent 2195 gold pieces at shops.

Inventory:

Hand Weapons
 a - a +9 executioner's axe of chaos (weapon)
 b - a +7 executioner's axe of flaming
Armour
 l - the -1 cloak of the Harvest Moon (worn) {rF+ rN+ Regen+}
   (You found it on level 2 of the Dungeon)

   rF:        It protects you from fire.
   rN:        It protects you from negative energy.
   Regen:     It increases your rate of health regeneration.
 n - a +0 pair of boots (worn)
 q - a +0 pair of gloves (worn)
 y - +5 gold dragon scales (worn)
 D - a +1 hat of willpower (worn)
Jewellery
 i - a ring of willpower
 o - an amulet of reflection (around neck)
 u - the ring of Moj Gat (right hand) {rF+ rC++ Will+ rCorr}
   (You found it on level 14 of the Dungeon)

   [ring of resist corrosion]

   rF:        It protects you from fire.
   rC:        It greatly protects you from cold.
   rCorr:     It protects you from acid and corrosion.
   Will:      It increases your willpower.
 x - a ring of flight
 G - a +4 ring of slaying (left hand)
Wands
 j - a wand of digging (15)
 k - a wand of mindburst (23)
 w - a wand of acid (24)
 B - a wand of iceblast (16)
 F - a wand of flame (28)
 H - a wand of paralysis (21)
 J - a wand of polymorph (5)
Scrolls
 e - 9 scrolls of teleportation
 h - 10 scrolls of identify
 p - 5 scrolls of fear
 s - 3 scrolls of blinking
 E - 4 scrolls of magic mapping
 I - 2 scrolls of summoning
Potions
 c - 13 potions of heal wounds
 d - 14 potions of curing
 f - a potion of cancellation
 g - 6 potions of mutation
 m - 4 potions of invisibility
 r - 8 potions of berserk rage
 t - 6 potions of haste
 v - 5 potions of resistance
 z - 2 potions of flight
 A - 3 potions of might
 C - 7 potions of ambrosia


   Skills:
 + Level 19.8 Fighting
 O Level 27 Axes
 + Level 19.6 Armour
 - Level 2.1 Dodging


You had 17 spell levels left.
You didn't know any spells.
Your spell library was empty.

Dungeon Overview and Level Annotations

Branches:
Dungeon (15/15)            Temple (0/1) D:6            Lair (5/5) D:10
 Shoals (2/4) Lair:3       Spider (4/4) Lair:3        Slime (0/5) Lair:5
    Orc (2/2) D:10            Elf (0/3) Orc:2        Vaults (0/5) D:13
 Depths (0/4) D:15          IceCv (visited)         Volcano (visited)
Gauntlet (visited)

Altars:
Ashenzari
Cheibriados
Dithmenos
Elyvilon
Fedhas
Hepliaklqana
Kikubaaqudgha
Makhleb
Nemelex Xobeh
Okawaru
Qazlal
Sif Muna
Trog
Uskayaw
Yredelemnul
Zin
Jiyva

Shops:
D:4 !*!   D:8 *   D:9 (   Orc:2 *[*(=

Portals:
Trove: D:14 (show abyssal rune of Zot)


Innate Abilities, Weirdness & Mutations

You have a pair of horns on your head.
You reflexively headbutt those who attack you in melee.


Message History

The merfolk javelineer throws a javelin.
The javelin pierces through you!
The merfolk throws a boomerang of dispersal.
The boomerang of dispersal hits you!
* * * LOW HITPOINT WARNING * * *
You blink.
The merfolk siren moves out of view.
The merfolk moves out of view.
The barbed spikes dig painfully into your body as you move.
* * * LOW HITPOINT WARNING * * *
The manticore flicks its tail.
The volley of spikes hits you.
The barbed spikes become lodged in your body.
* * * LOW HITPOINT WARNING * * *
A snapping turtle comes into view.
The snapping turtle moves out of view.
The barbed spikes dig painfully into your body as you move.
* * * LOW HITPOINT WARNING * * *
The manticore flicks its tail.
The volley of spikes hits you but does no damage.
The merfolk throws a boomerang of dispersal.
You reflect the boomerang of dispersal off an invisible shield around you!
The boomerang of dispersal hits the merfolk.
The merfolk blinks!
The merfolk javelineer throws a silver javelin.
The silver javelin pierces through you.
* * * LOW HITPOINT WARNING * * *
x2 The barbed spikes dig painfully into your body as you move.
* * * LOW HITPOINT WARNING * * *
The merfolk javelineer throws a silver javelin.
The silver javelin pierces through you!
* * * LOW HITPOINT WARNING * * *
x2 The merfolk javelineer throws a javelin.
The javelin pierces through you but does no damage.
There is a stone staircase leading up, spattered with blood here.
The merfolk javelineer throws a silver javelin.
The silver javelin barely misses you.
The merfolk javelineer throws a javelin.
The javelin pierces through you!
* * * LOW HITPOINT WARNING * * *
The barbed spikes dig painfully into your body as you move.
You die...

≈≈≈≈≈~~~~~~~..~.........#
≈≈≈≈≈≈~~~~~~.~~~........##
≈≈≈≈≈≈≈≈≈~~~..~~..........
≈≈≈≈≈≈≈≈≈≈~~..............
≈≈≈≈≈≈≈≈≈≈~~~~~~..~~~~~...~...
≈≈≈≈≈≈≈~~~≈~~~...~..~~~..~~...
≈≈≈≈≈≈≈~~~≈≈~~..~....~~~..~...
≈≈≈≈≈≈≈~~~~~~~~~..........~~..
≈≈≈≈≈≈≈≈~~.~~~~.@.....(..~~~.~
≈≈≈~~~~~~~~..##....m^..~~~~~
≈≈~~~~~~~~.##)).H.~...~~~~~
≈~~~~~~..........~m.~~~~~.
≈~~~............m..~~~~~.
:..!.~.~~..~~~...~~~≈≈~~
......~~~~m~~~.~~~≈≈≈mm
.......m..~m~~~~Xw≈≈≈~
.....m.~~~~≈≈≈www≈≈≈≈


You could see 2 merfolk javelineers, 2 merfolk, a manticore and a merfolk siren.

Vanquished Creatures
  Mara (Spider:3)
  Asterion (Spider:2)
  Gastronok (Lair:1)
  Roxanne (D:14)
  3 emperor scorpions
  2 ghost moths (Spider:4)
  2 orc warlords (Orc:2)
  5 broodmothers
  The ghost of PorkyPig the Destroyer, a journeyman GrCj of Hepliaklqana (Shoals:1)
  A minotaur (Gauntlet)
  10 spark wasps
  5 entropy weavers
  The ghost of Aricsoirch the Bludgeoner, a journeyman GrFi of Okawaru (Lair:4)
  2 merfolk impalers (Shoals:1)
  An ettin (D:15)
  A merfolk javelineer (Shoals:1)
  Josephine (Shoals:1)
  2 jorogumos (Spider:4)
  4 hydras
  6 boulder beetles
  6 centaur warriors
  2 radroaches
  2 catoblepae (D:13)
  A dancing weapon (D:13)
  2 merfolk avatars (Shoals:1)
  2 ironbound frosthearts (IceCv)
  3 two-headed ogres
  8 death yaks
  4 tengu warriors (D:15)
  2 orc high priests (Orc:2)
  Urug (D:10)
  Nergalle (Lair:1)
  3 sun demons
  A spectral catoblepas (Lair:4)
  Sonja (Lair:1)
  6 pharaoh ants
  6 skeletal warriors
  4 sea snakes (Shoals:1)
  11 orb spiders
  A sun moth (Spider:4)
  An obsidian statue (D:14)
  5 steelbarb worms
  3 harpies
  2 lindwurms (Lair:2)
  A necromancer (Gauntlet)
  4 orc knights
  2 wizards (D:15)
  A deep elf pyromancer (D:12)
  22 wolf spiders
  6 orc sorcerers
  5 manticores
  3 cyclopes
  16 ugly things
  14 elephants
  5 moths of wrath
  An ice statue (IceCv)
  A rust devil (D:10)
  A merfolk siren (Shoals:2)
  2 water nymphs (Shoals:1)
  2 black mambas (Lair:5)
  2 gargoyles
  12 cane toads
  8 demonic crawlers
  A smoke demon (D:10)
  An unseen horror (D:12)
  6 torpor snails
  2 minotaur zombies (Gauntlet)
  3 rime drakes
  13 komodo dragons
  A yaktaur (shapeshifter) (D:8)
  A tengu conjurer (D:15)
  An efreet (Gauntlet)
  3 wind drakes
  4 red devils
  9 merfolk
  5 trolls
  A queen bee (Gauntlet)
  13 polar bears
  4 meliai
  24 tarantellas
  3 snapping turtles
  5 hornets (Lair:5)
  A spectral dream sheep (Lair:4)
  9 slime creatures
  6 blink frogs
  8 dream sheep
  17 jumping spiders
  7 culicivoras
  Sigmund (D:6)
  2 centaur simulacra (D:14)
  13 spriggans (Lair:5)
  5 wyverns
  2 water elementals
  3 vampires
  A fire elemental (Gauntlet)
  2 basilisks
  52 yaks
  7 fire bats (Volcano)
  A spectral fire crab (Lair:4)
  An unseen horror simulacrum (D:9)
  5 wraiths (Shoals:1)
  3 steam dragons
  45 redbacks
  18 vampire mosquitoes
  2 death yak simulacra (Lair:4)
  2 wargs (Orc:2)
  2 acid dragons
  4 hell hounds
  22 water moccasins
  37 orc warriors
  2 hydra simulacra (Lair:4)
  4 sky beasts
  6 black bears
  62 wolves
  4 boggarts (Lair:5)
  7 ogres
  4 centaurs
  2 kobold brigands (D:10)
  2 necrophages
  2 scorpions
  A scorpion (shapeshifter) (D:11)
  9 bullfrogs
  10 wights
  14 killer bees
  8 electric eels
  7 howler monkeys
  8 lava snakes
  2 hounds (D:5)
  A quasit (D:10)
  Crazy Yiuf (D:7)
  3 jellies
  2 gnoll boudas
  15 orc priests
  Jessica (D:2)
  A scorpion zombie (D:3)
  Ijyb (D:2)
  8 iguanas
  26 orc wizards
  A hound zombie (D:3)
  A mummy (D:6)
  3 gnolls (D:8)
  6 adders
  2 shadow imps
  4 white imps
  2 ufetubi
  An adder zombie (D:3)
  An adder skeleton (D:3)
  2 worms
  A dart slug (D:4)
  60 orcs
  4 ball pythons
  4 endoplasms
  8 giant cockroaches
  15 goblins
  7 hobgoblins
  15 jackals
  17 kobolds
  4 quokkas
  A ball python zombie (D:3)
  7 bats
  2 frilled lizards
  A quokka zombie (D:3)
  7 rats
  8 bushes (Lair:5)
1012 creatures vanquished.

Vanquished Creatures (collateral kills)
  A dancing weapon (D:13)
  A deep troll (D:15)
  A slime creature (D:13)
  A killer bee (Gauntlet)
  An orc (D:11)
5 creatures vanquished.

Vanquished Creatures (others)
  A necromancer (D:15)
  A wolf spider zombie (Spider:4)
  A radroach zombie (Spider:4)
  A spectral black mamba (Lair:4)
  An orc (Orc:2)
  2 bushes (Lair:5)
  7 demonic plants (D:10)
  A fire vortex (Lair:3)
  45 fungi
  48 plants
  4 tentacles (Shoals:2)
112 creatures vanquished.

Grand Total: 1129 creatures vanquished

Notes
Turn   | Place    | Note
-------+----------+-------------------------------------------
     0 | D:1      | sanboga the Minotaur Berserker began the quest for the Orb.
     0 | D:1      | Reached XP level 1. HP: 19/19 MP: 0/0
   118 | D:1      | Reached skill level 4 in Axes
   118 | D:1      | Reached XP level 2. HP: 24/27 MP: 1/1
   465 | D:1      | Reached ** piety under Trog
   614 | D:1      | Reached XP level 3. HP: 33/33 MP: 2/2
  1399 | D:2      | Noticed Jessica
  1404 | D:2      | Killed Jessica
  1405 | D:2      | Reached XP level 4. HP: 40/40 MP: 3/3
  1478 | D:2      | Reached skill level 5 in Axes
  1525 | D:2      | Noticed Ijyb
  1536 | D:2      | Killed Ijyb
  1545 | D:2      | Identified the -1 cloak of the Harvest Moon {rF+ rN+
                  | Regen+}
  1647 | D:2      | Found a hazy altar of Hepliaklqana.
  1998 | D:3      | Found a faded altar of an unknown god.
  2045 | D:3      | Reached XP level 5. HP: 44/47 MP: 4/4
  2206 | D:3      | Reached skill level 6 in Axes
  2254 | D:3      | Reached *** piety under Trog
  2255 | D:3      | Reached skill level 5 in Fighting
  2432 | D:3      | Found a basalt altar of Yredelemnul.
  2765 | D:4      | Found an iron altar of Okawaru.
  2784 | D:4      | Found Daoqefan's Distillery.
  2794 | D:4      | Bought a potion of degeneration for 10 gold pieces
  2918 | D:4      | Noticed a steam dragon
  2923 | D:4      | Killed a steam dragon
  2924 | D:4      | Reached XP level 6. HP: 56/56 MP: 5/5
  3009 | D:4      | Found Looseroy's Assorted Antiques.
  3013 | D:4      | You fall into a shaft and drop 2 floors!
  3023 | D:6      | Reached skill level 7 in Axes
  3028 | D:6      | Reached skill level 5 in Armour
  3028 | D:6      | Reached XP level 7. HP: 36/62 MP: 6/6
  3077 | D:5      | Entered Level 5 of the Dungeon
  3297 | D:4      | Reached skill level 8 in Axes
  3450 | D:4      | Found Ceecaron's Distillery.
  3458 | D:4      | Bought a potion of heal wounds for 70 gold pieces
  3881 | D:5      | Reached XP level 8. HP: 47/71 MP: 7/7
  4230 | D:5      | Reached skill level 9 in Axes
  4346 | D:5      | Found a white marble altar of Elyvilon.
  4574 | D:6      | Noticed Sigmund
  4586 | D:6      | Reached **** piety under Trog
  4591 | D:6      | Killed Sigmund
  4599 | D:6      | Reached skill level 10 in Axes
  4671 | D:6      | Found a staircase to the Ecumenical Temple.
  4703 | D:6      | Found a shimmering blue altar of Sif Muna.
  4717 | D:6      | Found a burning altar of Makhleb.
  4742 | D:6      | Found a hide-covered altar of Uskayaw.
  4747 | D:6      | Found a shadowy altar of Dithmenos.
  4886 | D:6      | Found a snail-covered altar of Cheibriados.
  4995 | D:7      | Found a broken altar of Ashenzari.
  5087 | D:7      | Found a stormy altar of Qazlal.
  5142 | D:7      | Reached XP level 9. HP: 81/81 MP: 8/8
  5201 | D:7      | Found a glowing silver altar of Zin.
  5270 | D:7      | Found a sparkling altar of Nemelex Xobeh.
  5274 | D:7      | Reached skill level 11 in Axes
  5400 | D:7      | Identified the +5 falchion "Nasiq" {flame, rElec rC++}
  5522 | D:7      | Found a runed translucent door.
  5523 | D:7      | Noticed Crazy Yiuf
  5759 | D:7      | Killed Crazy Yiuf
  5900 | D:8      | Found a blossoming altar of Fedhas.
  5957 | D:8      | Reached skill level 12 in Axes
  6001 | D:8      | Noticed a two-headed ogre
  6008 | D:8      | Killed a two-headed ogre
  6009 | D:8      | Reached XP level 10. HP: 58/91 MP: 5/9
  6250 | D:8      | Reached ***** piety under Trog
  6499 | D:8      | Found Zoiple Nahi's Elemental Accessories.
  6774 | D:9      | Reached skill level 13 in Axes
  6926 | D:9      | Reached skill level 10 in Fighting
  6937 | D:9      | Noticed a black mamba
  6946 | D:8      | a black mamba changed into a yaktaur
  6950 | D:9      | Noticed a purple ugly thing
  6953 | D:9      | Noticed a green ugly thing
  6954 | D:9      | Noticed a skeletal warrior
  7086 | D:8      | Killed a purple ugly thing
  7086 | D:8      | Killed a green ugly thing
  7087 | D:8      | Reached skill level 14 in Axes
  7087 | D:8      | Reached skill level 10 in Armour
  7269 | D:9      | Killed a skeletal warrior
  7354 | D:8      | Noticed a centaur warrior
  7358 | D:8      | Noticed a brown ugly thing
  7359 | D:8      | Noticed a two-headed ogre
  7434 | D:9      | Killed a two-headed ogre
  7435 | D:9      | Reached XP level 11. HP: 43/101 MP: 3/10
  7438 | D:9      | Killed a brown ugly thing
  7508 | D:8      | Killed a centaur warrior
  7549 | D:8      | Identified the +6 mace of Eternal Vigilance {venom, rN++
                  | Str-2 Stlth+}
  7687 | D:9      | Found an ancient bone altar of Kikubaaqudgha.
  7829 | D:9      | Found Emiof's Weapon Emporium.
  7988 | D:10     | Entered Level 10 of the Dungeon
  7997 | D:10     | Reached skill level 15 in Axes
  8017 | D:10     | Noticed a sun demon
  8026 | D:10     | Killed a sun demon
  8088 | D:10     | Found a staircase to the Lair.
  8088 | D:10     | Noticed a death yak
  8089 | D:10     | Noticed a death yak
  8093 | D:10     | Noticed a death yak
  8095 | D:10     | Killed a death yak
  8101 | D:10     | Killed a death yak
  8107 | D:10     | Killed a death yak
  8302 | D:10     | Found a staircase to the Orcish Mines.
  8350 | D:10     | Noticed Urug
  8358 | D:10     | Killed Urug
  8359 | D:10     | Reached skill level 16 in Axes
  8522 | D:10     | Noticed a sun demon
  8528 | D:10     | Killed a sun demon
  8841 | D:10     | Identified the +8 chain mail of Bizi {Harm Int-5 Slay+2}
  9081 | D:11     | Found a gate leading to a gauntlet.
  9086 | Gauntlet | Entered a Gauntlet
  9086 | Gauntlet | Found a transporter.
  9086 | Gauntlet | Found a transporter.
  9088 | Gauntlet | Noticed a necromancer
  9103 | Gauntlet | Found a transporter.
  9107 | Gauntlet | Found a transporter.
  9123 | Gauntlet | Found a transporter.
  9127 | Gauntlet | Found a transporter.
  9149 | Gauntlet | Found a transporter.
  9165 | Gauntlet | Found a transporter.
  9182 | Gauntlet | Found a transporter.
  9186 | Gauntlet | Found a transporter.
  9200 | Gauntlet | Found a transporter.
  9204 | Gauntlet | Found a transporter.
  9245 | Gauntlet | Received a gift from Trog
  9245 | Gauntlet | Found the +14 obsidian axe {vorpal, Mesm Drain Fly SInv}
  9252 | Gauntlet | Reached XP level 12. HP: 96/112 MP: 9/11
  9386 | Gauntlet | Identified the ring "Vevethren" {Ice rCorr Dex+2}
  9396 | Gauntlet | Noticed a minotaur
  9410 | Gauntlet | Killed a minotaur
  9411 | Gauntlet | Reached skill level 17 in Axes
  9411 | Gauntlet | Found the +3 giant club "Skullcrusher" {speed, Str+7}
  9619 | D:11     | Noticed a two-headed ogre
  9624 | D:11     | Killed a two-headed ogre
  9763 | D:11     | Noticed a boulder beetle
  9774 | D:11     | Killed a boulder beetle
  9896 | D:11     | Reached skill level 19 in Axes
  9896 | D:11     | Reached XP level 13. HP: 122/122 MP: 12/12
 10548 | D:13     | Reached skill level 20 in Axes
 10578 | D:13     | Found a frozen archway.
 10588 | IceCv    | Entered an ice cave
 10613 | IceCv    | Reached ****** piety under Trog
 10718 | IceCv    | Reached XP level 14. HP: 108/130 MP: 10/13
 10947 | IceCv    | Identified the +3 flail of the Postmodern Princes {vorpal,
                  | Int+2}
 11195 | IceCv    | Reached skill level 21 in Axes
 11628 | D:13     | Found a gate to the Vaults.
 11716 | D:13     | Received a gift from Trog
 12496 | D:14     | Identified Roxanne's Anthology of the Rocks
 12496 | D:14     | Noticed Roxanne
 12499 | D:14     | Found a portal to a secret trove of treasure.
 12510 | D:14     | Killed Roxanne
 12679 | D:14     | Identified the ring of Moj Gat {rF+ rC++ Will+ rCorr}
 12690 | D:14     | Identified the +8 morningstar of Destiny {elec, SInv}
 12846 | D:15     | Entered Level 15 of the Dungeon
 12990 | D:15     | Reached skill level 15 in Fighting
 13053 | D:15     | Found a bloodstained altar of Trog.
 13106 | D:15     | Reached skill level 22 in Axes
 13122 | D:15     | Reached skill level 15 in Armour
 13152 | D:15     | Found a staircase to the Depths.
 13348 | D:15     | Reached XP level 15. HP: 123/141 MP: 14/14
 13780 | Orc:1    | Entered Level 1 of the Orcish Mines
 13977 | Orc:2    | Entered Level 2 of the Orcish Mines
 14018 | Orc:2    | Noticed an orc warlord
 14024 | Orc:2    | Noticed an orc warlord
 14215 | Lair:1   | Entered Level 1 of the Lair of Beasts
 14293 | Lair:1   | Received a gift from Trog
 14385 | Lair:1   | Noticed Sonja
 14394 | Lair:1   | Killed Sonja
 14558 | Lair:1   | Noticed Nergalle
 14566 | Lair:1   | Killed Nergalle
 14733 | Lair:1   | Noticed Gastronok
 14744 | Lair:1   | Killed Gastronok
 15297 | Lair:2   | Found a dark tunnel.
 15309 | Volcano  | Entered a volcano
 15400 | Volcano  | Received a gift from Trog
 15416 | Volcano  | Reached skill level 23 in Axes
 15445 | Volcano  | Found a radiant altar of Vehumet.
 15475 | Volcano  | Found a burning altar of Makhleb.
 16328 | Lair:3   | Found a staircase to the Shoals.
 16456 | Lair:3   | Found a hole to the Spider Nest.
 16662 | Lair:3   | Received a gift from Trog
 17288 | D:4      | Bought gold dragon scales for 1920 gold pieces
 17503 | Lair:4   | Found a white marble altar of Elyvilon.
 18060 | Lair:4   | Found a runed translucent gate.
 18061 | Lair:4   | Found a runed translucent gate.
 18061 | Lair:4   | Found a runed translucent gate.
 18068 | Lair:4   | Noticed Aricsoirch's ghost (journeyman GrFi)
 18085 | Lair:4   | Killed Aricsoirch's ghost
 18279 | Lair:5   | Entered Level 5 of the Lair of Beasts
 18279 | Lair:5   | Found a staircase to the Slime Pits.
 18279 | Lair:5   | Found a viscous altar of Jiyva.
 18418 | Lair:5   | Reached skill level 24 in Axes
 18449 | Lair:5   | Paralysed by a hornet for 1 turns
 18469 | Lair:5   | Received a gift from Trog
 18564 | Lair:5   | Reached XP level 16. HP: 153/154 MP: 5/15
 19988 | Orc:2    | Found Avetruxt's Antique Weapon Boutique.
 20093 | Orc:2    | Received a gift from Trog
 20109 | Orc:2    | Found Borowidi's General Store.
 20161 | Orc:2    | Found Baikhe's Antique Armour Shop.
 20213 | Orc:2    | Found Fodudax's Assorted Antiques.
 20220 | Orc:2    | Bought a scroll of enchant weapon for 195 gold pieces
 20280 | Orc:2    | Found a staircase to the Elven Halls.
 20502 | Orc:2    | Found Teis Feo's Jewellery Emporium.
 20975 | Spider:1 | Entered Level 1 of the Spider Nest
 21318 | Spider:1 | Received a gift from Trog
 21328 | Spider:1 | Reached skill level 25 in Axes
 22299 | Spider:2 | Noticed Asterion
 22312 | Spider:2 | Killed Asterion
 22697 | Spider:3 | Noticed Mara
 22700 | Spider:3 | Reached XP level 17. HP: 93/165 MP: 5/16
 22727 | Spider:3 | Received a gift from Trog
 23099 | Spider:3 | Killed Mara
 23100 | Spider:3 | Reached skill level 26 in Axes
 23845 | Spider:4 | Entered Level 4 of the Spider Nest
 23993 | Spider:4 | Identified the +2 leather armour "Syets" {rC+ Int+5}
 24272 | Spider:4 | Received a gift from Trog
 25131 | Spider:4 | Got a gossamer rune of Zot
 25487 | Shoals:1 | Entered Level 1 of the Shoals
 25616 | Shoals:1 | Reached skill level 27 in Axes
 25784 | Shoals:1 | Noticed Josephine
 25797 | Shoals:1 | Killed Josephine
 25816 | Shoals:1 | Found a runed translucent door.
 25816 | Shoals:1 | Noticed PorkyPig's ghost (journeyman GrCj)
 25843 | Shoals:1 | Killed PorkyPig's ghost
 26141 | Shoals:1 | Reached XP level 18. HP: 177/177 MP: 17/17
 26590 | Shoals:2 | HP: 2/178 [merfolk javelineer/javelin[Ilsuiw] (12)]
 26591 | Shoals:2 | Succumbed to barbed spike wounds

Illustrated notes

Levels and vault maps discovered:
D:1:      giann_horns, layout_basic, st_stairs_1
D:2:      kennysheep_the_goblin_king, layout_rooms, basic_altar,
          hangedman_decor_slide_cut, chequers_serial_rivers_micro_b,
          minmay_worlds_worst_comb, uniq_jessica
D:3:      layout_loops_ring, lemuel_zombie_altar_yredelemnul, serial_undead,
          serial_undead_e, serial_undead_b, serial_undead_b, serial_undead_e,
          shapermc_ecumenical_altar_mp_highgroup
D:4:      minmay_recursive_quarters, layout_basic, kennysheep_okawaru_gauntlet,
          serial_shops, nicolae_diamond_shop, shop_statue, nicolae_shop_stone
D:5:      layout_rooms, mainiacjoe_overflow_alcove_2
D:6:      layout_rooms, chei_slow_surprise, mainiacjoe_overflow_chevrons,
          gammafunk_temple_overflow_forgotten,
          minmay_temple_entry_drinking_statues, uniq_sigmund
D:7:      layout_rooms, nemelex_xobeh_ov_fountains_minmay, kennysheep_mini_moat,
          amcnicky_altar_gilded, nicolae_overflow_crystal_walls,
          grunt_ministairs_1, columned_hall_lemuel, serial_park_tiny_2,
          st_stairs_5, uniq_crazy_yiuf_cottage
D:8:      cheibrodos_elevator_heist, layout_basic,
          mainiacjoe_overflow_cross_hatched, nicolae_elemental_shop
D:9:      minmay_bloctagon_deflated, layout_rooms, mainiacjoe_overflow_paths,
          serial_shops, shop_statue, hangedman_abyss_or_decor_stagger,
          kennysheep_island_fort
D:10:     layout_loops_ring, dpeg_lair_monsters, orc_david_3, serial_demonic,
          serial_demonic_a, serial_demonic_e, serial_demonic_c,
          serial_demonic_f, hangedman_decor_points, uniq_urug
D:11:     layout_roguey, gauntlet_entry_generic
D:12:     layout_cave_pools
D:13:     layout_small_grid, erik_vaults_1, portal_ice_cave_entry_pillars_2
D:14:     statuecave_lemuel, layout_cave_pods, minmay_misc_feat_tiny,
          enter_trove_2, minivault_27, uniq_roxanne
D:15:     hangedman_depths_entry_civil_slaughter, layout_loops_ring,
          trog_three_pillars_becter
Lair:1:   beast_lair_carwin_large_3, layout_regular_city, serial_bayou_crossing,
          infiniplex_staircase_pool_2, uniq_sonja, uniq_nergalle, uniq_gastronok
Lair:2:   layout_regular_city, nicolae_volcano_entry_vermiform
Lair:3:   layout_gridlike, elwin_shoals_entry_rooms,
          hellmonk_spider_entry_not_the_bees, beast_lair_carwin_5
Lair:4:   layout_concentric_octagons, gammafunk_ghost_necromancy, basic_altar,
          minmay_holes, serial_bayou_lagoon_a, serial_bayou_pond_a,
          beast_lair_carwin_11
Lair:5:   minmay_lair_end_enchanted_forest, layout_hall_layers, slime_entry_1,
          minmay_hedge_maze, infiniplex_staircase_pool
Shoals:1: layout_shoals, hellmonk_ghost_happy_afterlife, uniq_josephine
Shoals:2: layout_shoals, uniq_ilsuiw
Spider:1: layout_spider_delve
Spider:2: layout_spider_delve, nicolae_spider_bzzzt, uniq_asterion
Spider:3: layout_chambers, uniq_mara
Spider:4: guppyfry_spider_rune
Orc:1:    layout_caves
Orc:2:    grunt_orc_gardens, layout_caves, grunt_orc_garden, grunt_orc_garden,
          grunt_orc_garden, grunt_orc_garden, serial_shops,
          nicolae_shop_temple_entry_statues_fountains

Skill      XL: |  1  2  3  4  5  6  7  8  9 10 11 12 13 14 15 16 17 |
---------------+----------------------------------------------------+-----
Axes           | 4 5 6 7 8 10 12 14 16 19 20 22 24 25 27 | 27.0
Fighting       | 4 5 6 7 9 10 12 13 15 16 18 19 | 19.8
Armour         | 3 4 5 6 7 9 10 12 13 15 16 18 19 | 19.6
Dodging        | |  2.1

Action                   |  1- 3 |  4- 6 |  7- 9 | 10-12 | 13-15 | 16-18 || total
-------------------------+-------+-------+-------+-------+-------+-------++-------
Melee: Hand axe          |    69 |   102 |   234 |       |       |       ||   405
       Punch             |     2 |     4 |     2 |     1 |     5 |       ||    14
       Headbutt          |     5 |    21 |    51 |    47 |   132 |   164 ||   420
       War axe           |       |       |     4 |   190 |       |       ||   194
       Broad axe         |       |       |       |    74 |   311 |       ||   385
       Executioner's axe |       |       |       |       |   399 |   789 ||  1188
Invok: Berserk           |       |     3 |     4 |     6 |     4 |     2 ||    19
Evoke: Wand              |       |       |       |       |     1 |       ||     1
  Use: Scroll            |       |       |     7 |    10 |    15 |     9 ||    41
       Potion            |       |       |       |     2 |       |       ||     2
 Stab: Sleeping          |     1 |     2 |       |       |       |       ||     3
       Distracted        |       |       |       |       |     2 |       ||     2
       Petrified         |       |       |       |       |       |     3 ||     3
       Confused          |       |       |       |       |       |     1 ||     1
       Petrifying        |       |       |       |       |       |     1 ||     1
Armor: Animal skin       |     7 |    13 |    17 |       |       |       ||    37
       Scale mail        |       |       |    31 |       |       |       ||    31
       Plate armour      |       |       |    12 |   173 |    69 |       ||   254
       Crystal plate arm |       |       |       |       |   249 |       ||   249
       Gold dragon scale |       |       |       |       |    87 |   664 ||   751
Dodge: Dodged            |    41 |    66 |   112 |   100 |   190 |   239 ||   748
Block: Other             |       |       |       |       |   122 |   141 ||   263
       Reflection        |       |       |       |       |     1 |    12 ||    13
